 Dungeon Crawl Stone Soup version 0.29.1-14-g9c671dbff4 (webtiles) character file.

Game seed: 1285009626102788539

349 protoss039 the Sneak (level 6, -5/32 HPs)
             Began as a Spriggan Enchanter on Feb 18, 2023.
             Slain by an ice beast (13 damage)
             ... on level 4 of the Dungeon on Feb 19, 2023.
             The game lasted 00:08:12 (3419 turns).

protoss039 the Sneak (Spriggan Enchanter)           Turns: 3419, Time: 00:08:13

Health: -5/32      AC:  2    Str:  4    XL:     6   Next: 33%
Magic:  9/12       EV: 19    Int: 17    God:
Gold:   199        SH:  0    Dex: 17    Spells: 4/12 levels left

rFire   . . .      SeeInvis +   a - +1 dagger
rCold   . . .      Faith    .   (no shield)
rNeg    . . .      Spirit   .   b - +0 robe
rPois   .          Reflect  .   (helmet restricted)
rElec   .          Harm     .   (no cloak)
rCorr   .          Rampage  .   (gloves unavailable)
Will    +....                   (boots unavailable)
Stlth   +++.......              d - amulet of magic regeneration
HPRegen 0.10/turn               (no ring)
MPRegen 0.53/turn               (no ring)

@: confusing by touch, very quick
A: very small, no large weapons, unfitting armour, see invisible, speed 3
a: no special abilities


You were on level 4 of the Dungeon.
You visited 1 branch of the dungeon, and saw 4 of its levels.

You collected 199 gold pieces.

Inventory:

Hand Weapons
 a - a +1 dagger (weapon)
 e - a +1 whip of electrocution
Missiles
 l - 4 curare-tipped darts (quivered)
Armour
 b - a +0 robe (worn)
Jewellery
 d - an amulet of magic regeneration (around neck)
Scrolls
 h - a scroll of identify
 m - a scroll of summoning
 p - a scroll of blinking {unknown}
 r - a scroll of immolation {unknown}
 s - 2 scrolls of teleportation {unknown}
Potions
 c - 2 potions of invisibility
 f - 2 potions of heal wounds
 g - a potion of brilliance {unknown}
 i - a potion of ambrosia {unknown}
 j - 2 potions of mutation
 k - a potion of degeneration {unknown}
 n - 3 potions of flight
 o - a potion of curing {unknown}
 q - a potion of lignification {unknown}


   Skills:
 * Level 2.5 Fighting
 + Level 2.4 Short Blades
 * Level 4.7 Dodging
 + Level 5.8 Stealth
 + Level 3.8 Spellcasting
 + Level 4.3 Hexes
 + Level 0.7 Ice Magic


You had 4 spell levels left.
You knew the following spells:

 Your Spells              Type           Power      Damage    Failure   Level
a - Ensorcelled Hibernat  Hex/Ice        22%        N/A       9%          2
b - Confusing Touch       Hex            18%        N/A       9%          3
c - Tukima's Dance        Hex            18%        N/A       9%          3

Your spell library contained the following spells:

 Spells                   Type           Power      Damage    Failure   Level
 Beastly Appendage        Tmut           6%         N/A       16%         1
 Foxfire                  Conj/Fire      12%        2x1d4     16%         1
 Dazzling Flash           Conj/Hex       20%        N/A       21%         3
 Inner Flame              Hex/Fire       10%        N/A       21%         3
 Conjure Flame            Conj/Fire      3%         6-21      43%         3
 Gell's Gravitas          Tloc           3%         N/A       43%         3
 Lesser Beckoning         Tloc           3%         N/A       43%         3
 Teleport Other           Tloc           3%         N/A       43%         3
 Flame Wave               Conj/Fire      3%         2d5       85%         4


Dungeon Overview and Level Annotations

Branches:
Dungeon (4/15) Zot: 21472
 Temple: D:4-7

Altars:


Innate Abilities, Weirdness & Mutations

You are very small and have problems with some larger weapons.
You are too small for most types of armour.
You have supernaturally acute eyesight. (SInv)
You cover ground extremely quickly. (Speed+++)


Message History

Aim: Natasha (chance to affect: 45%) Natasha looks drowsy...
Unknown command.
The helpless Natasha fails to defend herself.
You spit Natasha like a pig!!!
You kill Natasha!
Natasha growls in agony!
Unknown command.
You hit the hobgoblin. Your punch misses the hobgoblin.
The hobgoblin is heavily wounded.
The hobgoblin misses you.
Unknown command.
Casting: Ensorcelled Hibernation (safe; 9% risk of failure)
Confirm with . or Enter, or press ? or * to list all spells.
Aiming: Ensorcelled Hibernation (safe; 9% risk of failure)
Press: ? - help, Shift-Dir - straight line, f - hobgoblin
Aim: a hobgoblin (heavily wounded, chance to affect: 62%)
The hobgoblin looks drowsy...
Unknown command.
The helpless hobgoblin fails to defend itself.
You impale the hobgoblin!!
You kill the hobgoblin!
Unknown command.
Casting: Ensorcelled Hibernation (safe; 9% risk of failure)
Confirm with . or Enter, or press ? or * to list all spells.
Aiming: Ensorcelled Hibernation (safe; 9% risk of failure)
Press: ? - help, Shift-Dir - straight line, f - worm
Aim: a worm (chance to affect: 53%)
Okay, then.
Casting: Ensorcelled Hibernation (safe; 9% risk of failure)
Confirm with . or Enter, or press ? or * to list all spells.
The spell is quite dangerous to miscast (9% risk of failure)!
Continue anyway?
Your hands begin to glow red.
The ice beast hits you. The ice beast freezes you!
You hit the ice beast but do no damage. Your punch misses the ice beast.
The ice beast hits you. The ice beast freezes you!
You hit the ice beast but do no damage. The ice beast hits you.
* * * LOW HITPOINT WARNING * * *
The ice beast freezes you!
You die...

Y.. #...
.....######...
####..............
#
..#.Y.@...........
..
$.......######...
(..# ..## ## ####
#..w #.# ..# #
#..###.## .. #
#.$†@Y..## #.## #
#.#####..### ..# #
#....####.# #
#......##.## #
#.<....##<.# #
#......###.# #
#......###.## #
####.#..##..# #
...##.###.# #


You could see an ice beast and a worm.

Vanquished Creatures
  An orc priest (D:3)
  Natasha (twice) (D:4)
  2 adders
  4 worms (D:2)
  A dart slug (D:3)
  4 orcs (D:3)
  5 endoplasms
  A giant cockroach (D:3)
  6 goblins
  7 hobgoblins
  13 jackals
  7 quokkas
  7 ball pythons
  3 bats
  6 frilled lizards
  9 kobolds
  7 rats
85 creatures vanquished.

Vanquished Creatures (collateral kills)
  Sigmund (D:4)
1 creature vanquished.

Vanquished Creatures (others)
  2 plants (D:1)
2 creatures vanquished.

Grand Total: 88 creatures vanquished

Notes
Turn   | Place    | Note
-------+----------+-------------------------------------------
     0 | D:1      | protoss039 the Spriggan Enchanter began the quest for the
                  | Orb.
     0 | D:1      | Reached XP level 1. HP: 9/9 MP: 5/5
   292 | D:1      | Reached XP level 2. HP: 14/14 MP: 6/6
   462 | D:1      | Learned a level 2 spell: Ensorcelled Hibernation
   818 | D:1      | Found a faded altar of an unknown god.
   829 | D:1      | Got Plato's Dissertation on Forms
   896 | D:1      | Reached skill level 1 in Fighting
  1241 | D:2      | Reached XP level 3. HP: 15/18 MP: 5/8
  1468 | D:2      | Learned a level 3 spell: Confusing Touch
  1769 | D:2      | Reached XP level 4. HP: 20/22 MP: 5/9
  2148 | D:2      | Reached skill level 5 in Stealth
  2511 | D:2      | Learned a level 3 spell: Tukima's Dance
  3011 | D:3      | Reached XP level 5. HP: 26/26 MP: 8/11
  3215 | D:4      | Noticed Natasha
  3218 | D:4      | Killed Natasha
  3245 | D:4      | Noticed Sigmund
  3245 | D:4      | Noticed an ice beast
  3301 | D:4      | Killed Sigmund
  3302 | D:4      | Reached XP level 6. HP: 23/32 MP: 8/12
  3408 | D:4      | Noticed Natasha
  3413 | D:4      | Killed Natasha
  3419 | D:4      | Slain by an ice beast

Illustrated notes

Levels and vault maps discovered:
D:1:      dpeg_arrival_castle, layout_basic,
          shapermc_ecumenical_altar_rom_forum, minmay_pentomino_u4
D:2:      layout_loops_corners
D:3:      layout_loops_ring, serial_glass, glass_columns_a, glass_columns_c,
          st_stairs_12
D:4:      layout_rooms, mainiacjoe_overflow_alcove_3, dreamdust_princess_bridge,
          uniq_sigmund, uniq_natasha

Skill      XL: |  1  2  3  4  5 |
---------------+----------------+-----
Dodging        | 3 4 |  4.7
Fighting       | 1 2 |  2.5
Spellcasting   | 3 |  3.8
Stealth        | 5 |  5.8
Short Blades   | 2 |  2.4
Hexes          | 4 |  4.3
Ice Magic      | |  0.7

Action                   |  1- 3 |  4- 6 || total
-------------------------+-------+-------++-------
Melee: Dagger            |    78 |    69 ||   147
       Whip              |    31 |       ||    31
       Punch             |     1 |       ||     1
 Cast: Ensorcelled Hiber |    36 |    32 ||    68
       Confusing Touch   |       |     2 ||     2
       Tukima's Dance    |       |     1 ||     1
  Use: Scroll            |       |     5 ||     5
 Stab: Sleeping          |    31 |    32 ||    63
       Distracted        |     1 |       ||     1
       Confused          |       |     1 ||     1
Armor: Robe              |    11 |     4 ||    15
Dodge: Dodged            |    92 |    41 ||   133
